 Dungeon Crawl Stone Soup version 0.21-a0-538-gd16b88afdd (webtiles) character file.

22 loom the Firebug (level 2, -2/20 HPs)
             Began as a Draconian Fire Elementalist on Dec 16, 2017.
             Slain by an adder (3 damage)
             ... on level 1 of the Dungeon.
             The game lasted 00:02:58 (968 turns).

loom the Firebug (Draconian Fire Elementalist)       Turns: 968, Time: 00:02:58

Health: -2/20      AC:  4    Str:  7 (10) XL:     2   Next: 68%
Magic:  0/5        EV: 14    Int: 12 (15) God:
Gold:   34         SH:  0    Dex:  9 (11) Spells: 4/5 levels left

rFire    . . .     SeeInvis .   (no weapon)
rCold    . . .     Gourm    .   (no shield)
rNeg     . . .     Faith    .   (armour unavailable)
rPois    .         Spirit   .   (helmet restricted)
rElec    .         Reflect  .   (no cloak)
rCorr    .         Harm     .   (no gloves)
MR       .....                  (no boots)
Stlth    ++........             (no amulet)
HPRegen  0.06/turn              h - +2 ring of evasion
MPRegen  0.09/turn              (no ring)

@: lethally poisoned (-2 -> -14)
A: unfitting armour, cold-blooded, AC +4
a: no special abilities


You were on level 1 of the Dungeon.
You were not hungry.

You visited 1 branch of the dungeon, and saw 2 of its levels.

You collected 34 gold pieces.

Inventory:

Jewellery
 h - a +2 ring of evasion (left hand)
Scrolls
 c - a scroll of fog {unknown}
 d - a scroll of identify {unknown}
 e - a scroll of remove curse {unknown}
 j - a scroll of teleportation {unknown}
Books
 a - a book of Flames

   Spells                             Type                      Level
   a - Flame Tongue                   Conjuration/Fire             1
   b - Throw Flame                    Conjuration/Fire             2
   c - Conjure Flame                  Conjuration/Fire             3
   d - Inner Flame                    Hexes/Fire                   3
   e - Sticky Flame                   Conjuration/Fire             4
   f - Fireball                       Conjuration/Fire             5
Comestibles
 b - 2 bread rations
 i - 6 chunks of flesh


   Skills:
 - Level 1.7 Dodging
 - Level 1.7 Stealth
 + Level 2.3 Spellcasting
 + Level 1.7 Conjurations
 + Level 3.3 Fire Magic


You had 4 spell levels left.
You knew the following spells:

 Your Spells              Type           Power        Failure   Level  Hunger
a - Flame Tongue          Conj/Fire      #....        9%          1    ##.....


Dungeon Overview and Level Annotations

Branches:
Dungeon (2/15)

Altars:
Kikubaaqudgha


Innate Abilities, Weirdness & Mutations

Your plain brown scales are hard. (AC +4)
You cannot fit into any form of body armour.
You are cold-blooded and may be slowed by cold attacks.


Message History

The adder poisons you! The adder barely misses you.
Casting: Flame Tongue
Confirm with . or Enter, or press ? or * to list all spells.
You don't have enough magic to cast that spell.
It was a potion of degeneration.
There was something very wrong with that liquid.
You feel weakened.
You feel dopey.
You feel clumsy.
You feel sick. The adder completely misses you. The bat barely misses you.
You completely miss the adder.
The adder is almost dead.
You feel sick. The bat misses you. The adder bites you.
* * * LOW HITPOINT WARNING * * *
You hit the adder.
The adder is almost dead.
The adder bites you.
* * * LOW HITPOINT WARNING * * *
You are more poisoned.
The adder poisons you! The bat hits you but does no damage.
The adder bites you.
You die...

########..#..#...♣..P...PP♣..#
#....#.......#...♣..PP...P♣..#
#....#...........♣PP..P...♣..#
#....#...#.#.#...♣PP..PP..♣..#
#........#.#.#.#.♣♣♣♣♣♣♣♣♣...#
###.######.#...#.............#
#.# #.##..##########....#
#.######.##.b# ######
#.........#S@# ##############


You could see an adder and a bat.

Vanquished Creatures
  2 goblins (D:1)
  A hobgoblin (D:1)
  7 jackals (D:1)
  A kobold (D:1)
  A ball python (D:1)
  3 bats
  5 rats (D:1)
20 creatures vanquished.

Notes
Turn   | Place    | Note
-------+----------+-------------------------------------------
     0 | D:1      | loom the Draconian Fire Elementalist began the quest for the Orb.
     0 | D:1      | Reached XP level 1. HP: 14/14 MP: 3/3
   195 | D:1      | Reached XP level 2. HP: 20/20 MP: 1/5
   861 | D:2      | Found an ancient bone altar of Kikubaaqudgha.
   968 | D:1      | HP: 1/20 [adder (4)]
   968 | D:1      | Slain by an adder

Vault maps used:
D:1:      scummos_arrival_checkerplants, minmay_surrounded
D:2:      lemuel_round_altar, nicolae_overflow_crystal_walls

Action                   || total
-------------------------++-------
Melee: Unarmed           ||    49
       Tailslap          ||     1
 Cast: Flame Tongue      ||    37
  Use: Potion            ||     2
  Eat: Chunk             ||     1
Armor: Skin              ||    33
Dodge: Dodged            ||    68

Table legend:
 A = Spawn XP
 B = Non-spawn XP
 C = Spawn XP percentage of total XP
 D = Spawn monster count
 E = Non-spawn monster count
 F = Spawn count percentage of total count
 G = Total turns spent on level
                    A         B        C        D         E        F      G
               +---------+---------+-------+---------+---------+-------+---------
         Total |       0 |      32 |   0.0 |       0 |      20 |   0.0 |   968
               +---------+---------+-------+---------+---------+-------+---------
           D:1 |       0 |      31 |   0.0 |       0 |      19 |   0.0 |   949
           D:2 |       0 |       1 |   0.0 |       0 |       1 |   0.0 |    19
               +---------+---------+-------+---------+---------+-------+---------
